 Dungeon Crawl Stone Soup version 0.28-a0-1167-g616b1c6417 (webtiles) character file.

Game seed: 4055415380899874240

38 BinkBink the Ducker (level 3, -2/19 HPs)
             Began as a Spriggan Abyssal Knight on Dec 16, 2021.
             Was a Believer of Lugonu.
             Slain by a river rat (9 damage)
             ... in a sewer.
             The game lasted 00:04:15 (2535 turns).

BinkBink the Ducker (Spriggan Abyssal Knight)       Turns: 2535, Time: 00:04:16

Health: -2/19      AC:  2    Str:  9    XL:     3   Next: 25%
Magic:  5/5        EV: 18    Int: 11    God:    Lugonu [**....]
Gold:   188        SH:  0    Dex: 17    Spells: 2/2 levels left

rFire   . . .      SeeInvis +   a - +1 short sword
rCold   . . .      Faith    +   (shield restricted)
rNeg    . . .      Spirit   .   b - +0 robe
rPois   .          Reflect  .   (helmet restricted)
rElec   .          Harm     .   (no cloak)
rCorr   .          Rampage  .   (gloves unavailable)
Will    +....                   (boots unavailable)
Stlth   ++........              d - amulet of faith
HPRegen 0.06/turn               f - ring of willpower
MPRegen 0.09/turn               (no ring)

@: very quick
A: very small, no large weapons, unfitting armour, see invisible, speed 3
a: Renounce Religion, Depart the Abyss, Bend Space


You were in a sewer.
You worshipped Lugonu.
Lugonu was pleased with you.
You visited 1 branch of the dungeon, and saw 3 of its levels.
You visited the Abyss 1 time.
You also visited: Sewer.

You collected 188 gold pieces.

Inventory:

Hand Weapons
 a - a +1 short sword (weapon)
Armour
 b - a +0 robe (worn)
 l - a +0 cloak
Jewellery
 d - an amulet of faith (around neck)
 f - a ring of willpower (left hand)
Scrolls
 e - a scroll of holy word {unknown}
 g - a scroll of identify {unknown}
 i - a scroll of magic mapping {unknown}
 k - a scroll of noise {unknown}
 m - a scroll of fog {unknown}
Potions
 c - a potion of heal wounds {unknown}
 h - a potion of haste {unknown}
 j - a potion of attraction {unknown}


   Skills:
 - Level 2.4 Fighting
 + Level 2.9 Short Blades
 + Level 4.0 Dodging
 + Level 2.6 Stealth
 - Level 1.7 Invocations


You had 2 spell levels left.
You didn't know any spells.
Your spell library contained the following spells:

 Spells                   Type           Power      Damage    Failure   Level
 Beastly Appendage        Tmut           0%         N/A       34%         1
 Corpse Rot               Necr/Air       0%         N/A       47%         2
 Poisonous Vapours        Pois/Air       0%         N/A       47%         2
 Wereblood                Tmut           0%         N/A       47%         2
 Spider Form              Tmut/Pois      0%         N/A       71%         3


Dungeon Overview and Level Annotations

Branches:
Dungeon (3/15)              Sewer (1/1)

Altars:

Annotations:
D:3 Ijyb


Innate Abilities, Weirdness & Mutations

You are very small and have problems with some larger weapons.
You are too small for most types of armour.
You have supernaturally acute eyesight. (SInv)
You cover ground extremely quickly. (Speed+++)


Message History

You hit the river rat.
The river rat is moderately wounded.
The river rat barely misses you.
You hit the river rat.
The river rat is severely wounded.
The river rat barely misses you.
You hit the river rat.
The river rat is severely wounded.
The river rat bites you.
You hit the river rat.
The river rat is almost dead.
The river rat completely misses you.
You hit the river rat but do no damage.
The river rat is almost dead.
The river rat closely misses you.
You hit the river rat.
The river rat is almost dead.
The river rat completely misses you.
You hit the river rat but do no damage.
The river rat is almost dead.
The river rat closely misses you.
You barely miss the river rat.
The river rat is almost dead.
The river rat completely misses you.
You closely miss the river rat.
The river rat is almost dead.
The river rat misses you.
You barely miss the river rat.
The river rat is almost dead.
The river rat closely misses you.
You hit the river rat but do no damage.
The river rat is almost dead.
The river rat closely misses you.
You hit the river rat but do no damage.
The river rat is almost dead.
The river rat closely misses you.
You hit the river rat but do no damage.
The river rat is almost dead.
The river rat bites you!
You die...

#rr...≈≈≈≈≈≈
.....≈≈≈≈≈≈
#....≈≈≈≈≈≈
....≈≈≈≈≈≈
#...≈≈≈≈≈≈ ###
...≈≈≈≈≈≈ #∩#
#...≈≈≈≈≈
#.###r..≈≈≈≈≈
#..#.@..≈≈≈≈≈
##.....≈≈≈≈≈≈
#......≈≈≈≈.
##.....≈≈≈≈.
##.......≈≈≈
##.......≈≈≈≈
##........≈≈≈≈
#..#.......≈≈≈
#.###.....≈≈≈.


You could see a river rat.

Vanquished Creatures
  5 ball pythons
  5 endoplasms
  2 giant cockroaches
  6 goblins
  A hobgoblin (D:1)
  5 bats
  3 frilled lizards
  5 kobolds
  4 rats
36 creatures vanquished.

Notes
Turn   | Place    | Note
-------+----------+-------------------------------------------
     0 | Abyss:1  | BinkBink the Spriggan Abyssal Knight began the quest for
                  | the Orb.
     0 | Abyss:1  | Reached XP level 1. HP: 11/11 MP: 3/3
    22 | Abyss:2  | Found a corrupted altar of Lugonu.
    70 | Abyss:2  | Noticed a thrashing horror
    79 | D:1      | Escaped the Abyss
   230 | D:1      | Reached skill level 1 in Stealth
   313 | D:1      | You fall into a shaft and drop 1 floor!
   670 | D:1      | Reached XP level 2. HP: 16/16 MP: 4/4
  1209 | D:1      | Reached ** piety under Lugonu
  1784 | D:2      | Reached XP level 3. HP: 16/19 MP: 5/5
  1903 | D:2      | Found a faded altar of an unknown god.
  1923 | D:2      | Reached skill level 4 in Dodging
  2312 | D:3      | Found a glowing drain.
  2347 | D:3      | Noticed Ijyb
  2362 | Sewer    | Entered a sewer
  2535 | Sewer    | Slain by a river rat

Illustrated notes

Levels and vault maps discovered:
D:1:      lemuel_arrival_funnel, layout_basic
D:2:      layout_basic, shapermc_ecumenical_altar_mp_ritualfount, minivault_27
D:3:      layout_basic, gup_sewer_entry_glass, dk_noncrumbling_3,
          nrook_mini_backslash, minivault_5, uniq_ijyb, uniq_jessica
Sewer:    sewer_minmay_treatment

Skill      XL: |  1  2  3 |
---------------+----------+-----
Stealth        | 1 2 |  2.6
Dodging        | 4 |  4.0
Fighting       | |  2.4
Short Blades   | |  2.9
Invocations    | |  1.7

Action                   || total
-------------------------++-------
Melee: Short sword       ||   148
 Stab: Sleeping          ||     4
       Distracted        ||     1
Armor: Robe              ||    18
Dodge: Dodged            ||   120

Table legend: (Time is in decaauts)
 A = Elapsed time spent in this place.
 B = Non-inter-level travel time spent in this place.
 C = Inter-level travel time spent in this place.
 D = Time resting spent in this place.
 E = Time spent auto-exploring this place.
 F = Levels seen in this place.
 G = Mean time per level.
                   A        B        C        D        E       F      G
               +--------+--------+--------+--------+--------+-----+--------+
         Total |   2066 |   2041 |     25 |      0 |   1644 |   6 |  344.3 |
       Dungeon |   1852 |   1827 |     25 |      0 |   1473 |   3 |  617.3 |
         Abyss |     49 |     49 |      0 |      0 |     31 |   2 |   24.5 |
         Sewer |    163 |    163 |      0 |      0 |    140 |   1 |  163.0 |
               +--------+--------+--------+--------+--------+-----+--------+

Top non-repeatable levels by time:
     D:2: 967 daAuts
     D:1: 837 daAuts
   Sewer: 163 daAuts
     D:3: 47 daAuts
 Abyss:2: 36 daAuts
 Abyss:1: 13 daAuts
